 Dungeon Crawl Stone Soup version 0.30-a0-279-g4b46babb21 (webtiles) character file.

Game seed: 2659786519087522804

9254 slphil the Fighter (level 11, 0/94 HPs)
             Began as a Djinni Conjurer on Oct 16, 2022.
             Was a Priest of Ashenzari.
             Shot with an arrow by a minotaur (1 damage)
             ... in a Gauntlet.
             The game lasted 00:29:21 (10666 turns).

slphil the Fighter (Djinni Conjurer)               Turns: 10666, Time: 00:29:22

Health: 0/94       AC: 14    Str:  6    XL:     11   Next: 71%
Gold:   703        EV: 15    Int: 24    God:    Ashenzari [***...] SH:  0 Dex: 18

rFire   + + .      SeeInvis +    A - +5 rapier (holy)
rCold   x . .      Faith    .    (no shield)
rNeg    . . .      Spirit   .    y - +5 ring mail of Ashenzari's Planets {Evo, Self} (curse)
rPois   ∞          Reflect  .    D - +0 helmet of Ashenzari's Lethargy {Range, Fort} (curse)
rElec   .          Harm     .    H - +1 cloak {Stlth+}
rCorr   .          Rampage  .    v - +0 pair of gloves "Shackled Scepticism" {Range, Cun} (curse)
Will    +....      Clarity  +    (boots unavailable)
Stlth   +++....... NoTele   +    (no amulet)
HPRegen 0.35/turn                l - ring "Bound Yoke" {Dex+6, Cun, Evo} (curse)
MPRegen 0.00/turn                r - ring of Ashenzari's Urgency {EV+4, Evo, Fort} (curse)

@: flying, studying Fighting
A: sickness immunity, fire resistance 2, cold vulnerability 1, float, innate
caster, HP casting, extra vitality 1
a: Renounce Religion, Shatter the Chains


You were in a Gauntlet.
You worshipped Ashenzari.
Ashenzari was most pleased with you.
You visited 2 branches of the dungeon, and saw 12 of its levels.
You also visited: Gauntlet.

You collected 703 gold pieces.

Inventory:

Hand Weapons
 c - a +0 lajatang
 x - a +1 dagger of venom
 A - a +5 rapier of holy wrath (weapon)
Armour
 a - a +0 robe
 v - the cursed +0 pair of gloves "Shackled Scepticism" (worn) {Range, Cun}
   (You found it on level 10 of the Dungeon)

   It has a curse which improves the following skills: Ranged Combat: Ranged
   Weapons and Throwing.
   Cunning:   Dodging and Stealth.
 y - the cursed +5 ring mail of Ashenzari's Planets (worn) {Evo, Self}
   (You found it on level 5 of the Dungeon)

   It has a curse which improves the following skills: Evocations: Evocations.
   Introspection: Fighting and Spellcasting.
 D - the cursed +0 helmet of Ashenzari's Lethargy (worn) {Range, Fort}
   (You found it on level 10 of the Dungeon)

   It has a curse which improves the following skills: Ranged Combat: Ranged
   Weapons and Throwing.
   Fortitude: Armour and Shields.
 H - a +1 cloak of stealth (worn)
Magical Staves
 G - a staff of cold
Jewellery
 l - the cursed ring "Bound Yoke" (left hand) {Dex+6, Cun, Evo}
   (You found it on level 2 of the Dungeon)

   [ring of dexterity]

   Dex:       It affects your dexterity (+6).
   It has a curse which improves the following skills: Cunning: Dodging and
   Stealth.
   Evocations: Evocations.
 r - the cursed ring of Ashenzari's Urgency (right hand) {EV+4, Evo, Fort}
   (You found it on level 4 of the Dungeon)

   [ring of evasion]

   EV:        It affects your evasion (+4).
   It has a curse which improves the following skills: Evocations: Evocations.
   Fortitude: Armour and Shields.
 t - a ring of fire
 C - a +6 ring of strength
 F - a +4 ring of evasion
Wands
 h - a wand of polymorph (8)
 k - a wand of roots (32)
 s - a wand of flame (5)
 z - a wand of acid (7)
Scrolls
 e - a scroll of fear
 f - 2 scrolls of immolation
 j - 2 scrolls of noise
 n - 4 scrolls of poison
 q - 3 scrolls of teleportation
 w - a scroll of fog
Potions
 b - 2 potions of lignification
 d - 3 potions of mutation
 g - 9 potions of curing
 i - 2 potions of cancellation
 m - a potion of attraction
 o - 4 potions of degeneration
 p - 2 potions of haste
 u - a potion of invisibility
 E - a potion of ambrosia


   Skills:
 + Level 12.8(14.3) Fighting
 - Level 2.1(4.0) Dodging
 - Level 1.5(3.2) Stealth
 * Level 10.5(12.1) Spellcasting
 + Level 4.2(7.2) Evocations


You had 6 spell levels left.
You knew the following spells:

 Your Spells              Type           Power      Damage    Failure   Level
a - Magic Dart            Conj           100%       1d8       1%          1
b - Searing Ray           Conj           100%       2d8       1%          2
c - Dazzling Flash        Conj/Hex       100%       N/A       1%          3
d - Fulminant Prism       Conj/Hex       32%        3d16      1%          4
e - Iskenderun's Mystic   Conj/Tloc      64%        2d13      1%          4
f - Sting                 Tmut/Pois      100%       1d8       1%          1
g - Blink                 Tloc           100%       N/A       1%          2
h - Lesser Beckoning      Tloc           100%       N/A       1%          3
i - Spider Form           Tmut/Pois      64%        N/A       1%          3
j - Alistair's Intoxicat  Tmut/Pois      42%        N/A       3%          5
Your spell library was empty.

Dungeon Overview and Level Annotations

Branches:
Dungeon (11/15)            Temple (1/1) D:5             Orc (0/2) D:9
Gauntlet (1/1)
   Lair: D:8-11

Altars:
Ashenzari
Cheibriados
Dithmenos
Elyvilon
Fedhas
Gozag
Hepliaklqana
Makhleb
Nemelex Xobeh
Okawaru
Qazlal
Ru
Trog
Uskayaw
Wu Jian
Xom
Yredelemnul
Zin
The Shining One

Shops:
D:2 (   D:4 *   D:10 (

Annotations:
D:9 exclusion: ice statue Gauntlet 8 transporters, 3 runed translucent doors


Innate Abilities, Weirdness & Mutations

You are immune to sickness and miasma.
You are immune to poison.
Your flesh is very heat resistant. (rF++)
You are vulnerable to cold. (rC-)
You float through the air rather than walking.
You learn spells naturally, not from books.
Your magical power is your life essence.
You have superior vitality. (+4 MHP)


Message History

Confirm with . or Enter, or press ? or * to list all spells.
Aiming: Fulminant Prism (mildly dangerous; 1% risk of failure)
Press: ? - help, Dir - move target You conjure a prism of explosive energy!
A fulminant prism comes into view.
Unknown command.
Your fulminant prism crackles loudly.
Unknown command.
Your fulminant prism explodes!
The blast of energy engulfs the minotaur!!
The minotaur is moderately wounded.
Unknown command.
Casting: Fulminant Prism (mildly dangerous; 1% risk of failure)
Confirm with . or Enter, or press ? or * to list all spells.
Aiming: Fulminant Prism (mildly dangerous; 1% risk of failure)
Press: ? - help, Dir - move target You conjure a prism of explosive energy!
A fulminant prism comes into view.
The minotaur shoots an arrow.
The arrow misses you.
Unknown command.
The minotaur shoots an arrow.
The arrow hits you!! The arrow freezes you.
Your fulminant prism crackles loudly.
Unknown command.
You feel much better.
The minotaur shoots an arrow.
The arrow hits you! The arrow freezes you.
Your fulminant prism explodes!
The blast of energy engulfs the minotaur!!
The minotaur is heavily wounded.
Unknown command.
Casting: Fulminant Prism (mildly dangerous; 1% risk of failure)
Confirm with . or Enter, or press ? or * to list all spells.
Aiming: Fulminant Prism (mildly dangerous; 1% risk of failure)
Press: ? - help, Dir - move target You conjure a prism of explosive energy!
* * * LOW HITPOINT WARNING * * *
A fulminant prism comes into view.
The minotaur shoots an arrow.
The arrow hits you!!
* * * LOW HITPOINT WARNING * * *
The arrow freezes you.
You die...

* *#∩* .#* .# , #.*#.# , * .,
#.#.. , , ,*#. #.#.# ,
##.###'#.##.### .......H......#
#.##.##.##.##.# ###.##.##H##.##.#
#....@..........#
##.##.##*##.##.##
###.##.##.##.##.###
*.................
#.♣.♣.©.©.©.©.♣.♣.#
*................. ### ###
##################### ##
##≈###≈###≈###...........###≈###≈
#≈≈≈#≈≈≈#≈≈≈#..♣.......♣..#≈≈≈#≈≈


You could see a minotaur (ally target) and a friendly fulminant prism.

Vanquished Creatures
  A dire elephant (Gauntlet)
  2 two-headed ogres (D:10)
  A worldbinder (Gauntlet)
  2 elephants (Gauntlet)
  An eye of devastation (Gauntlet)
  A troll (D:9)
  7 yaks (D:9)
  A wyvern (D:8)
  2 golden eyes (Gauntlet)
  2 steam dragons
  Eustachio (D:6)
  2 vampire mosquitoes (D:10)
  Menkaure (D:7)
  Edmund (D:5)
  An acid dragon (D:11)
  2 water moccasins
  Duvessa (D:5)
  2 orc warriors
  3 sky beasts (D:7)
  3 ogres
  A black bear (D:6)
  3 boggarts (Gauntlet)
  2 centaurs
  2 kobold brigands (D:9)
  4 bullfrogs
  A necrophage (D:6)
  4 scorpions
  5 wights (D:6)
  Dowan (D:5)
  3 killer bees (D:10)
  3 howler monkeys
  6 hounds
  2 jellies
  2 orc priests
  5 iguanas
  5 orc wizards
  3 gnolls (D:2)
  5 adders
  2 shadow imps
  3 white imps
  A worm (D:2)
  2 dart slugs
  19 orcs
  11 bats
  10 endoplasms
  A giant cockroach (D:1)
  7 goblins
  9 hobgoblins
  2 jackals (D:1)
  8 kobolds
  2 quokkas
  2 ball pythons
  3 frilled lizards
  3 rats
179 creatures vanquished.

Vanquished Creatures (others)
  2 orcs (D:5)
  16 fulminant prisms
  15 fungi
  4 plants
  A withered plant (Gauntlet)
38 creatures vanquished.

Grand Total: 217 creatures vanquished

Notes
Turn   | Place    | Note
-------+----------+-------------------------------------------
     0 | D:1      | slphil the Djinni Conjurer began the quest for the Orb.
     0 | D:1      | slphil set off with the following spells memorised: Magic
                  | Dart, Searing Ray, Dazzling Flash, Fulminant Prism,
                  | Iskenderun's Mystic Blast.
     0 | D:1      | Reached XP level 1. HP: 15/15 MP: 0/0
   108 | D:1      | Reached XP level 2. HP: 18/22 MP: 0/0
   110 | D:1      | Reached skill level 1 in Fighting
   406 | D:1      | Reached XP level 3. HP: 23/27 MP: 0/0
   406 | D:1      | Learned a level 1 spell: Sting
  1201 | D:2      | Found Weimmios's Antique Weapon Emporium.
  1228 | D:2      | Reached skill level 2 in Fighting
  1276 | D:2      | Reached XP level 4. HP: 26/34 MP: 0/0
  1958 | D:3      | Found a faded altar of an unknown god.
  2692 | D:4      | Found a shadowy altar of Dithmenos.
  2768 | D:4      | Reached XP level 5. HP: 25/40 MP: 0/0
  2768 | D:4      | Learned a level 2 spell: Blink
  2930 | D:4      | Reached skill level 3 in Fighting
  3194 | D:4      | Found Deiv's General Store.
  3296 | D:4      | Reached XP level 6. HP: 40/47 MP: 0/0
  3370 | D:4      | Noticed an ogre
  3378 | D:4      | Killed an ogre
  3379 | D:4      | Reached skill level 4 in Fighting
  3593 | D:5      | Entered Level 5 of the Dungeon
  3626 | D:5      | Reached XP level 7. HP: 22/53 MP: 0/0
  3626 | D:5      | Learned a level 3 spell: Lesser Beckoning
  3859 | D:5      | Noticed Duvessa
  3860 | D:5      | Noticed Dowan
  3869 | D:5      | Killed Duvessa
  3870 | D:5      | Reached skill level 5 in Spellcasting
  4068 | D:5      | Noticed Edmund
  4086 | D:5      | Killed Dowan
  4087 | D:5      | Reached skill level 5 in Fighting
  4088 | D:5      | Killed Edmund
  4212 | D:5      | Reached XP level 8. HP: 51/61 MP: 0/0
  4419 | D:5      | Found a glowing silver altar of Zin.
  4420 | D:5      | Found a sparkling altar of Nemelex Xobeh.
  4480 | D:5      | Reached skill level 6 in Fighting
  4496 | D:5      | Found a staircase to the Ecumenical Temple.
  4543 | Temple   | Entered the Ecumenical Temple
  4697 | Temple   | Became a worshipper of Ashenzari the Shackled
  4874 | D:6      | Noticed Eustachio
  4887 | D:6      | Killed Eustachio
  5165 | D:6      | Reached skill level 7 in Fighting
  5171 | D:6      | Reached XP level 9. HP: 41/68 MP: 0/0
  5171 | D:6      | Learned a level 3 spell: Spider Form
  5486 | D:6      | Reached skill level 8 in Fighting
  6448 | D:7      | Found a blossoming altar of Fedhas.
  6705 | D:7      | Noticed Menkaure
  6713 | D:7      | Killed Menkaure
  6714 | D:7      | Reached skill level 9 in Fighting
  6823 | D:7      | Reached * piety under Ashenzari
  6823 | D:7      | Identified a scroll of acquirement
  6824 | D:7      | Acquired a manual of Fighting
  7174 | D:7      | Found a bloodstained altar of Trog.
  7301 | D:7      | Reached XP level 10. HP: 78/80 MP: 0/0
  7877 | D:9      | Reached skill level 10 in Fighting
  8126 | D:9      | Noticed an ice statue
  8209 | D:9      | Reached ** piety under Ashenzari
  8480 | D:9      | Reached skill level 11 in Fighting
  8714 | D:9      | Found a staircase to the Orcish Mines.
  8892 | D:10     | Entered Level 10 of the Dungeon
  9139 | D:10     | Identified the +6 chain mail of Eternal Night {rN+}
  9254 | D:10     | Noticed a two-headed ogre
  9265 | D:10     | Killed a two-headed ogre
  9266 | D:10     | Reached skill level 1 in Evocations
  9266 | D:10     | Reached XP level 11. HP: 76/91 MP: 0/0
  9266 | D:10     | Learned a level 5 spell: Alistair's Intoxication
  9361 | D:10     | Found Nutibb's Hydra Hut.
  9364 | D:10     | Noticed a five-headed hydra
  9368 | D:10     | Reached *** piety under Ashenzari
  9654 | D:10     | Noticed a two-headed ogre
  9661 | D:10     | Killed a two-headed ogre
  9667 | D:10     | Reached skill level 12 in Fighting
  9667 | D:10     | Reached skill level 10 in Spellcasting
  9910 | D:11     | Found a gate leading to a gauntlet.
  9927 | Gauntlet | Entered a Gauntlet
  9927 | Gauntlet | Found a transporter.
  9929 | Gauntlet | Noticed a worldbinder
  9956 | Gauntlet | Found a transporter.
  9958 | Gauntlet | Found a transporter.
  9972 | Gauntlet | Found a transporter.
  9974 | Gauntlet | Noticed a fire crab
  9977 | Gauntlet | Found a runed translucent gate.
  9977 | Gauntlet | Found a runed translucent gate.
  9977 | Gauntlet | Found a runed translucent gate.
  9979 | Gauntlet | Found a transporter.
  9993 | Gauntlet | Identified the +9 plate armour of the Spheres {rC++ Int+6}
 10000 | Gauntlet | Found a transporter.
 10007 | Gauntlet | Noticed an elephant
 10011 | Gauntlet | Found a transporter.
 10011 | Gauntlet | Noticed an elephant
 10011 | Gauntlet | Noticed a dire elephant
 10018 | Gauntlet | Noticed a death scarab
 10022 | Gauntlet | Identified the +1 helmet of Compassion {*Slow rF- Int+6
                  | Dex+4}
 10023 | Gauntlet | Found a transporter.
 10025 | Gauntlet | Noticed a death scarab
 10042 | Gauntlet | Found a transporter.
 10056 | Gauntlet | Found a transporter.
 10057 | Gauntlet | Found a transporter.
 10105 | Gauntlet | Found a transporter.
 10112 | Gauntlet | Noticed a reaper
 10119 | Gauntlet | Found a transporter.
 10156 | Gauntlet | Found a transporter.
 10205 | Gauntlet | Noticed a tengu warrior
 10208 | Gauntlet | Noticed a deep elf zephyrmancer
 10208 | Gauntlet | Noticed a deep elf knight
 10211 | Gauntlet | Noticed a deep elf zephyrmancer
 10211 | Gauntlet | Noticed a deep elf knight
 10214 | Gauntlet | Noticed a deep elf knight
 10214 | Gauntlet | Killed a worldbinder
 10544 | Gauntlet | Killed an elephant
 10544 | Gauntlet | Killed an elephant
 10548 | Gauntlet | Killed a dire elephant
 10653 | Gauntlet | Noticed a minotaur
 10666 | Gauntlet | HP: 1/94 [minotaur/arrow (27)]
 10666 | Gauntlet | Shot with an arrow by a minotaur

Illustrated notes

Levels and vault maps discovered:
D:1:      saegor_arrival_simple_b, layout_loops_corners
D:2:      layout_basic, serial_shops, shop, nrook_mini_vaults, minivault_26
D:3:      layout_basic, ebering_ecumenical_altar_sacrificial
D:4:      cheibrodos_helix_gallery, layout_basic, mainiacjoe_overflow_24_doors,
          nicolae_take_the_stairs
D:5:      layout_gridville, nicolae_overflow_two_pavilions,
          minmay_temple_entry_large_hall, uniq_duvessa, uniq_edmund
D:6:      layout_loops_ring, serial_aquarium, aquarium_bridge_long_joined
          [aquarium_subvault_wall, aquarium_subvault_wall,
          aquarium_subvault_wall, aquarium_subvault_bridge,
          aquarium_subvault_balcony, aquarium_subvault_window],
          aquarium_window_1, aquarium_window_fake, aquarium_window_corner,
          aquarium_window_corridor_1, aquarium_view_2e, aquarium_balcony_5b,
          aquarium_pool_1, st_stairs_2, uniq_eustachio
D:7:      layout_basic, trog_hazing_becter, mainiacjoe_overflow_brackets,
          uniq_menkaure
D:8:      layout_basic, serial_aquarium, aquarium_bridge_long_separate
          [aquarium_subvault_balcony, aquarium_subvault_bridge,
          aquarium_subvault_bridge, aquarium_subvault_window,
          aquarium_subvault_wall, aquarium_subvault_bridge],
          aquarium_window_fake, aquarium_window_fake, aquarium_view_2d,
          aquarium_view_2c, aquarium_balcony_double_1, dk_noncrumbling_3,
          uniq_maggie
D:9:      lemuel_ice_statue, layout_loops_ring, orc_0_dummy,
          minmay_misc_feat_doors, chequers_serial_rivers_micro_b
D:10:     layout_long_grid, doesnt_shop_hydraphobe
D:11:     layout_small_grid, dpeg_lair_monsters, gauntlet_entry_generic
Temple:   minmay_temple_bridge_d
Gauntlet: minmay_gauntlet_77_tree [minmay_gauntlet_arena_77_terracotta_army,
          minmay_gauntlet_arena_77_checkered,
          minmay_gauntlet_arena_77_two_lines,
          minmay_gauntlet_arena_77_hold_the_fort,
          minmay_gauntlet_arena_77_museum, minmay_gauntlet_arena_77_two_paths,
          minmay_gauntlet_arena_77_run_for_it, gauntlet_exit_green]

Skill      XL: |  1  2  3  4  5  6  7  8  9 10 11 |
---------------+----------------------------------+-----
Fighting       | 1 2 3 4 5 7 9 11 12 | 12.8
Spellcasting   | 4 5 6 7 9 10 | 10.5
Evocations     | 1 4 |  4.2
Dodging        | |  2.1
Stealth        | |  1.5

Action                   |  1- 3 |  4- 6 |  7- 9 | 10-12 || total
-------------------------+-------+-------+-------+-------++-------
Melee: Lajatang          |       |     1 |       |       ||     1
       Rapier            |       |       |     2 |     2 ||     4
 Cast: Magic Dart        |    73 |    67 |    80 |    75 ||   295
       Searing Ray       |     1 |    11 |    42 |    25 ||    79
       Iskenderun's Myst |       |     2 |     5 |    27 ||    34
       Fulminant Prism   |       |     1 |     7 |     9 ||    17
       Alistair's Intoxi |       |       |       |     2 ||     2
       Blink             |       |       |       |     1 ||     1
Invok: Curse Item        |       |       |     2 |     3 ||     5
  Use: Scroll            |       |       |    10 |     1 ||    11
       Potion            |       |       |       |     2 ||     2
 Stab: Sleeping          |       |     1 |     1 |     1 ||     3
Armor: Robe              |     6 |       |       |       ||     6
       Ring mail         |       |       |    18 |    19 ||    37
Dodge: Dodged            |    11 |    17 |    42 |    40 ||   110

Table legend: (Time is in decaauts)
 A = Elapsed time spent in this place.
 B = Non-inter-level travel time spent in this place.
 C = Inter-level travel time spent in this place.
 D = Time resting spent in this place.
 E = Time spent auto-exploring this place.
 F = Levels seen in this place.
 G = Mean time per level.
                   A        B        C        D        E       F      G
               +--------+--------+--------+--------+--------+-----+--------+
         Total |  10670 |  10263 |    407 |    554 |   8390 |  13 |  820.8 |
       Dungeon |   9758 |   9391 |    367 |    276 |   7994 |  11 |  887.1 |
        Temple |    173 |    133 |     40 |      0 |    101 |   1 |  173.0 |
      Gauntlet |    738 |    738 |      0 |    278 |    295 |   1 |  738.0 |
               +--------+--------+--------+--------+--------+-----+--------+

Top non-repeatable levels by time:
     D:6: 1322 daAuts
     D:7: 1181 daAuts
     D:9: 1084 daAuts
     D:4: 1082 daAuts
     D:1: 1073 daAuts
    D:10: 984 daAuts
     D:5: 974 daAuts
     D:3: 869 daAuts
Gauntlet: 738 daAuts
     D:2: 671 daAuts
     D:8: 464 daAuts
  Temple: 173 daAuts
    D:11: 49 daAuts
